 Dungeon Crawl Stone Soup version 0.30.1-4-g462c640d31 (webtiles) character file.

Game seed: 1407222398609969069

38155 Xrynn the Unseen (level 13, -7/60 HPs)
             Began as a Spriggan Enchanter on Sept 6, 2023.
             Was the Champion of Okawaru.
             Mangled by a culicivora (13 damage)
             ... on level 1 of the Spider Nest.
             The game lasted 01:40:07 (19244 turns).

Xrynn the Unseen (Spriggan Enchanter)              Turns: 19244, Time: 01:40:08

Health: -7/60      AC:  8    Str: 11    XL:     13   Next: 62%
Magic:  0/29       EV: 27    Int: 24    God:    Okawaru [******]
Gold:   2550       SH:  0    Dex: 15    Spells: 33/35 levels left

rFire   . . .        N - +1 quick blade (flame)
rCold   . . .        (no shield)
rNeg    + . .        v - +0 steam dragon scales
rPois   +            X - +2 hat {Stlth+}
rElec   .            J - +0 cloak
rCorr   +            (gloves unavailable)
SInv    +            (boots unavailable)
Will    ++...        A - amulet "Sukayv" {Spirit rCorr}
Stlth   ++++++++     R - +5 ring of evasion
HPRegen 0.30/turn    u - ring of Ziaq {*Corrode rPois rN+ Str+3 Int+6}
MPRegen 0.21/turn

%: corrode self (3%), guardian spirit
@: lethally poisoned (-7 -> -29), very quick
A: very small, no large weapons, unfitting armour, see invisible, speed 3
a: Renounce Religion, Heroism, Finesse, Duel


You were on level 1 of the Spider Nest.
You worshipped Okawaru.
Okawaru was exalted by your worship.
You visited 5 branches of the dungeon, and saw 17 of its levels.
You also visited: Ossuary, Bailey and Volcano.

You collected 2550 gold pieces.

Inventory:

Hand Weapons
 e - the +1 rapier "Ruato" {flame, *Corrode rElec rC++ Str+2}
   (Okawaru gifted it to you on level 3 of the Lair of Beasts)

   Str:       It affects your strength (+2).
   rC:        It greatly protects you from cold.
   rElec:     It insulates you from electricity.
   *Corrode:  It may corrode you when you take damage.
 p - a +2 dagger of draining
 z - a +2 dagger of venom
 N - a +1 quick blade of flaming (weapon)
Missiles
 h - 2 boomerangs of dispersal
 j - 2 throwing nets
 n - 30 poisoned darts
Armour
 m - the +2 hat of Inviolability {Rampage rElec Will+ Dex-4}
   (Okawaru gifted it to you on level 1 of the Lair of Beasts)

   Dex:       It affects your dexterity (-4).
   rElec:     It insulates you from electricity.
   Rampage:   It bestows one free step when moving towards enemies.
   Will:      It increases your willpower.
 v - +0 steam dragon scales (worn)
 B - a +2 robe of fire resistance
 J - a +0 cloak (worn)
 S - a +1 robe of cold resistance
 X - a +2 hat of stealth (worn)
Magical Staves
 I - a staff of earth
 M - the staff of death "Buecawef" {rElec rN+ Int+3 Stlth+}
   (You found it on level 1 of the Spider Nest)

   [staff of death]

   Base accuracy: +5 Base damage: 5 Base attack delay: 1.2 This weapon's minimum
   attack delay (0.6) is reached at skill level 12.
   Int:       It affects your intelligence (+3).
   rElec:     It insulates you from electricity.
   rN:        It protects you from negative energy.
   Stlth:     It makes you more stealthy.
   It falls into the 'Staves' category.
   It is a two-handed weapon.
Jewellery
 u - the ring of Ziaq (right hand) {*Corrode rPois rN+ Str+3 Int+6}
   (You found it on level 1 of the Lair of Beasts)

   [ring of intelligence]

   Str:       It affects your strength (+3).
   Int:       It affects your intelligence (+6).
   rPois:     It protects you from poison.
   rN:        It protects you from negative energy.
   *Corrode:  It may corrode you when you take damage.
 A - the amulet "Sukayv" (around neck) {Spirit rCorr}
   (You found it on level 5 of the Dungeon)

   [amulet of guardian spirit]

   It causes incoming damage to be divided between your reserves of health and
   magic.
   rCorr:     It protects you from acid and corrosion.
 R - a +5 ring of evasion (left hand)
 V - a +6 ring of strength
 W - a +5 ring of evasion
Wands
 E - a wand of flame (8)
 F - a wand of iceblast (11)
 O - a wand of acid (13)
 Z - a wand of mindburst (7)
Scrolls
 d - a scroll of identify
 f - 3 scrolls of vulnerability
 g - a scroll of amnesia {unknown}
 k - 9 scrolls of teleportation
 o - 4 scrolls of immolation
 s - a scroll of enchant armour
 t - 5 scrolls of blinking
 y - a scroll of poison {unknown}
 C - a scroll of fog {unknown}
 D - 7 scrolls of magic mapping
 G - a scroll of brand weapon
 Q - a scroll of fear
 U - a scroll of silence
Potions
 a - 3 potions of heal wounds
 b - 2 potions of flight
 i - 4 potions of attraction
 l - 5 potions of mutation
 q - a potion of cancellation {unknown}
 r - 12 potions of curing
 w - 2 potions of lignification
 x - a potion of invisibility
 K - 4 potions of brilliance
 L - 4 potions of haste
 P - a potion of resistance {unknown}
 Y - a potion of magic {unknown}


   Skills:
 + Level 3.3 Fighting
 + Level 7.5 Short Blades
 + Level 8.8 Dodging
 + Level 20.2 Stealth
 + Level 11.6 Spellcasting
 + Level 11.4 Hexes
 + Level 7.1 Ice Magic
 * Level 6.8 Invocations
 + Level 0.4 Evocations


You had 33 spell levels left.
You knew the following spells:

 Your Spells              Type           Power      Damage    Failure   Level
a - Ensorcelled Hibernat  Hex/Ice        100%       N/A       1%          2

Your spell library contained the following spells:

 Spells                   Type           Power      Damage    Failure   Level
 Confusing Touch          Hex            62%        N/A       1%          3
 Dazzling Flash           Conj/Hex       82%        N/A       1%          3
 Foxfire                  Conj/Fire      52%        2x1d6     4%          1
 Cigotuvi's Dreadful Rot  Necr/Pois/Air  26%        N/A       7%          2
 Sublimation of Blood     Necr           13%        N/A       7%          2
 Dispel Undead            Necr           13%        3d9       41%         4
 Fireball                 Conj/Fire      6%         3d5       77%         5
 Plasma Beam              Fire/Air       6%         2x1d18    100%        6
 Starburst                Conj/Fire      6%         6d4       100%        6
 Tukima's Dance           Hex            Unusable   N/A       N/A         3
 Simulacrum               Ice/Necr       Unusable   N/A       N/A         6
 Death Channel            Necr           Unusable   N/A       N/A         6

Dungeon Overview and Level Annotations

Branches:
Dungeon (11/15)            Temple (1/1) D:5            Lair (3/5) D:11
  Swamp (0/4) Lair:3       Spider (1/4) Lair:3          Orc (1/2) D:10
Ossuary (visited)          Bailey (visited)         Volcano (visited)

Altars:
Ashenzari
Cheibriados
Dithmenos
Fedhas
Gozag
Hepliaklqana
Kikubaaqudgha
Makhleb
Nemelex Xobeh
Okawaru
Qazlal
Ru
Sif Muna
Trog
Uskayaw
Vehumet
Wu Jian
Xom
Yredelemnul

Shops:
D:9 =

Annotations:
D:8 exclusion: 2 oklob saplings
Lair:1 DoctorOfPepper's ghost, novice FeBe


Innate Abilities, Weirdness & Mutations

You are very small and have problems with some larger weapons.
You are too small for most types of armour.
You have supernaturally acute eyesight. (SInv)
You cover ground extremely quickly. (Speed+++)


Message History

The steelbarb worm looks drowsy...
The culicivora's many legs skitter faintly.
The redback completely misses you.
The helpless steelbarb worm fails to defend itself.
You stick the steelbarb worm like a pincushion!!!!
You burn the steelbarb worm.
You kill the steelbarb worm!
Okawaru accepts your kill.
A redback comes into view.
The redback bites you!
Aiming: Ensorcelled Hibernation (safe; 1% risk of failure)
Press: ? - help, Q - select action, (/) - cycle Shift-Dir - straight line, f - moth of wrath
Aim: a moth of wrath (chance to affect: 54%)
The moth of wrath looks drowsy...
The redback bites you!
You are lethally poisoned!
The redback poisons you!
You feel extremely sick.
The moth of wrath's fur bristles in rage as it notices you.
You feel very sick. The redback completely misses you.
The culicivora bites you!!
The culicivora draws strength from your injuries!
* * * LOW HITPOINT WARNING * * *
You feel very sick. The redback closely misses you.
The redback completely misses you.
The moth of wrath goads the redback on!
The redback goes berserk!
The moth of wrath goads the culicivora on!
The culicivora goes berserk!
The redback attacks as you move away! The redback completely misses you.
* * * LOW HITPOINT WARNING * * *
You feel very sick.
As you read the scroll of fear, it crumbles to dust.
You assume a fearsome visage.
The redback is unaffected.
The redback looks frightened!
The culicivora is unaffected.
The redback looks frightened!
The moth of wrath resists with some effort.
* * * LOW HITPOINT WARNING * * *
You feel extremely sick. The culicivora bites you!!
You die...

............#
#...........#
.^.......?.# #..........#
#.........# #.........##
##.ys......# #.sss.....#.
# ### ###@......^. ###
###.##### #.........
..####....^..###...?.....
...#^..####..............
.....### ####.......^...
....## #...........
.....# #............
.....# #............
.....# .............


You could see a moth of wrath, a culicivora (berserk) and 3 redbacks.

Vanquished Creatures
  Snorg (D:10)
  3 hydras
  2 two-headed ogres
  A death yak (Lair:2)
  An orb spider (Lair:3)
  A steelbarb worm (Spider:1)
  5 wizards (Volcano)
  Pikel (D:6)
  2 orc knights (Bailey)
  A deep elf pyromancer (D:7)
  An orc sorcerer (Bailey)
  A cyclops (D:11)
  An ugly thing (D:8)
  Maurice (D:8)
  11 elephants
  5 toenail golems (Volcano)
  2 black mambas
  A demonic crawler (Spider:1)
  Maggie (D:7)
  7 komodo dragons
  Psyche (D:10)
  A kobold demonologist (Bailey)
  A torpor snail (Lair:2)
  4 cane toads
  A rime drake (Lair:1)
  A polar bear (Lair:3)
  2 hornets
  5 trolls
  Grinder (D:4)
  3 tarantellas (Spider:1)
  4 dream sheep (Lair:2)
  9 blink frogs
  A jumping spider (Spider:1)
  2 wraiths (D:11)
  A shadow (D:10)
  Sigmund (D:2)
  23 yaks
  3 wyverns
  A fire bat (Lair:2)
  2 basilisks
  3 vampire mosquitoes (Lair:3)
  A redback (Spider:1)
  2 acid dragons
  7 water moccasins
  14 orc warriors
  A sky beast (D:7)
  2 black bears
  An ice beast (D:7)
  7 ogres
  6 wolves
  A centaur (D:7)
  4 lemures (D:6)
  2 kobold brigands
  8 bullfrogs
  A scorpion (D:5)
  7 wights (D:8)
  3 howler monkeys
  10 electric eels
  2 centaur zombies (Ossuary)
  5 hounds
  2 human zombies (Ossuary)
  Crazy Yiuf (D:5)
  6 orc priests
  3 jellies
  Natasha (thrice) (D:2)
  2 iguanas (D:5)
  A sleepcap (D:7)
  A scorpion zombie (D:3)
  10 orc wizards
  6 mummies
  A hound zombie (D:3)
  6 gnolls
  14 adders
  A white imp (D:5)
  An ufetubus (D:7)
  An adder zombie (D:3)
  A worm (D:3)
  41 orcs
  2 bats
  5 endoplasms
  2 giant cockroaches
  2 gnoll zombies (Ossuary)
  11 hobgoblins
  A jackal (D:8)
  15 kobolds
  A quokka (D:2)
  12 ball pythons
  5 frilled lizards
  A giant cockroach zombie (D:3)
  15 goblins
  2 hobgoblin zombies (Ossuary)
  8 rats
386 creatures vanquished.

Vanquished Creatures (others)
  A dream sheep (Lair:2)
  An orc wizard (D:10)
  2 orcs (D:10)
4 creatures vanquished.

Grand Total: 390 creatures vanquished

Notes
Turn   | Place    | Note
-------+----------+-------------------------------------------
     0 | D:1      | Xrynn the Spriggan Enchanter began the quest for the Orb.
     0 | D:1      | Reached XP level 1. HP: 9/9 MP: 5/5
   171 | D:1      | Reached XP level 2. HP: 12/13 MP: 6/6
   177 | D:1      | Learned a level 2 spell: Ensorcelled Hibernation
   594 | D:2      | Reached skill level 5 in Stealth
   685 | D:2      | Reached XP level 3. HP: 17/17 MP: 2/8
   821 | D:2      | Noticed Natasha
   861 | D:2      | Killed Natasha
   862 | D:2      | Reached XP level 4. HP: 13/21 MP: 0/9
  1095 | D:2      | Found a bloodstained altar of Trog.
  1109 | D:2      | Reached skill level 6 in Stealth
  1139 | D:2      | Noticed Natasha
  1301 | D:2      | Killed Natasha
  1302 | D:2      | Reached XP level 5. HP: 25/25 MP: 7/10
  1472 | D:2      | Noticed Natasha
  1483 | D:2      | Killed Natasha
  1567 | D:2      | Noticed Sigmund
  1641 | D:2      | Killed Sigmund
  1642 | D:2      | Reached skill level 7 in Stealth
  1642 | D:2      | Reached skill level 1 in Ice Magic
  1642 | D:2      | Reached XP level 6. HP: 29/29 MP: 9/12
  1798 | D:3      | Found a blossoming altar of Fedhas.
  1849 | D:3      | Found a basalt altar of Yredelemnul.
  1919 | D:3      | Reached skill level 1 in Fighting
  2033 | D:3      | Found a faded altar of an unknown god.
  2546 | D:3      | Reached XP level 7. HP: 33/33 MP: 14/14
  3394 | D:4      | Found a stormy altar of Qazlal.
  3452 | D:4      | Noticed Grinder
  3455 | D:4      | Killed Grinder
  3456 | D:4      | Reached skill level 8 in Stealth
  3456 | D:4      | Reached skill level 5 in Hexes
  3851 | D:5      | Entered Level 5 of the Dungeon
  3857 | D:5      | Found a sparkling altar of Nemelex Xobeh.
  3862 | D:5      | Identified the amulet "Sukayv" {Spirit rCorr}
  3875 | D:5      | Reached skill level 9 in Stealth
  3917 | D:5      | Found an ancient bone altar of Kikubaaqudgha.
  3981 | D:5      | Found a sand-covered staircase.
  3991 | Ossuary  | Entered an ossuary
  4157 | Ossuary  | Reached XP level 8. HP: 37/37 MP: 16/16
  4363 | D:5      | Found a snail-covered altar of Cheibriados.
  4384 | D:5      | Reached skill level 10 in Stealth
  4601 | D:5      | Found a staircase to the Ecumenical Temple.
  4610 | Temple   | Entered the Ecumenical Temple
  4714 | D:5      | Reached skill level 5 in Spellcasting
  4900 | D:5      | Found a runed translucent door.
  4901 | D:5      | Noticed Crazy Yiuf
  4910 | D:5      | Killed Crazy Yiuf
  5495 | D:6      | Noticed Pikel
  5551 | D:6      | Killed Pikel
  5552 | D:6      | Reached skill level 11 in Stealth
  5633 | D:6      | Reached XP level 9. HP: 37/42 MP: 11/18
  6028 | D:6      | Reached skill level 12 in Stealth
  6794 | D:7      | Reached skill level 5 in Short Blades
  7112 | D:7      | Noticed a deep elf pyromancer
  7112 | D:7      | Noticed Maggie
  7146 | D:7      | Killed a deep elf pyromancer
  7147 | D:7      | Reached skill level 13 in Stealth
  7150 | D:7      | Killed Maggie
  7429 | D:8      | Found a sacrificial altar of Ru.
  7444 | D:8      | Found a hazy altar of Hepliaklqana.
  7462 | D:8      | Noticed a two-headed ogre
  7469 | D:8      | Killed a two-headed ogre
  7470 | D:8      | Reached skill level 14 in Stealth
  7470 | D:8      | Reached XP level 10. HP: 46/46 MP: 20/22
  7597 | D:8      | Noticed a brown ugly thing
  7604 | D:8      | Killed a brown ugly thing
  7605 | D:8      | Reached skill level 15 in Stealth
  7930 | D:8      | Found a broken altar of Ashenzari.
  7933 | D:8      | Found a shadowy altar of Dithmenos.
  7933 | D:8      | Found a radiant altar of Vehumet.
  7933 | D:8      | Found an opulent altar of Gozag.
  7997 | D:8      | Noticed Maurice
  8003 | D:8      | Killed Maurice
  8004 | D:8      | Reached skill level 5 in Dodging
  8049 | D:8      | Found a flagged portal.
  8060 | Bailey   | Entered a bailey
  8328 | Bailey   | Noticed an orc sorcerer
  8418 | Bailey   | Killed an orc sorcerer
  8707 | Bailey   | Reached skill level 5 in Ice Magic
  8792 | Bailey   | Found an iron altar of Okawaru.
  8795 | Bailey   | Noticed an orc knight
  8818 | Bailey   | Killed an orc knight
  8819 | Bailey   | Reached skill level 16 in Stealth
  8855 | Bailey   | Became a worshipper of Warmaster Okawaru
  8995 | Bailey   | Reached XP level 11. HP: 30/50 MP: 9/24
  9184 | Bailey   | Noticed an orc knight
  9188 | Bailey   | Killed an orc knight
  9393 | Bailey   | Acquired 728 gold pieces
  9395 | Bailey   | Acquired 839 gold pieces
  9883 | D:8      | Found a shimmering blue altar of Sif Muna.
 10007 | D:8      | Found a burning altar of Makhleb.
 10888 | D:9      | Found Ushruijen's Jewellery Shop.
 10995 | D:9      | Reached * piety under Okawaru
 11251 | D:9      | Found a radiant altar of Vehumet.
 11253 | D:9      | Found an ancient bone altar of Kikubaaqudgha.
 11253 | D:9      | Found a shimmering blue altar of Sif Muna.
 11255 | D:9      | Found a shimmering blue altar of Sif Muna.
 11255 | D:9      | Found an ancient bone altar of Kikubaaqudgha.
 11255 | D:9      | Found a shimmering altar of Xom.
 11342 | D:9      | Identified the +3 robe of Negation {Fly rElec Str+2}
 11491 | D:10     | Entered Level 10 of the Dungeon
 11499 | D:10     | Noticed Snorg
 11698 | D:10     | Acquired a +1 hat of stealth
 11739 | D:10     | Killed Snorg
 11740 | D:10     | Reached skill level 1 in Invocations
 11820 | D:10     | Found an ornate altar of the Wu Jian Council.
 11911 | D:10     | Reached ** piety under Okawaru
 12097 | D:10     | Got the Writings on Mortification
 12147 | D:10     | Found a bloodstained altar of Trog.
 12147 | D:10     | Found an iron altar of Okawaru.
 12322 | D:10     | Noticed Psyche
 12346 | D:10     | Killed Psyche
 12431 | D:10     | Reached skill level 17 in Stealth
 12789 | D:10     | Found a staircase to the Orcish Mines.
 12915 | Orc:1    | Entered Level 1 of the Orcish Mines
 13157 | D:11     | Found a staircase to the Lair.
 13586 | D:11     | Reached *** piety under Okawaru
 14337 | D:11     | Noticed a two-headed ogre
 14354 | D:11     | Killed a two-headed ogre
 14354 | D:11     | Reached **** piety under Okawaru
 14355 | D:11     | Reached XP level 12. HP: 56/56 MP: 20/26
 14546 | Lair:1   | Entered Level 1 of the Lair of Beasts
 14623 | Lair:1   | Found a runed translucent gate.
 14624 | Lair:1   | Found a runed translucent gate.
 14625 | Lair:1   | Found a runed translucent gate.
 14626 | Lair:1   | Noticed DoctorOfPepper's ghost (novice FeBe)
 14626 | Lair:1   | Noticed a ten-headed hydra
 14627 | Lair:1   | Noticed a ten-headed hydra
 14634 | Lair:1   | Killed a ten-headed hydra
 14635 | Lair:1   | Reached skill level 10 in Spellcasting
 14635 | Lair:1   | Reached skill level 10 in Hexes
 14669 | Lair:1   | Killed a ten-headed hydra
 14867 | Lair:1   | Reached skill level 18 in Stealth
 15228 | Lair:1   | Reached ***** piety under Okawaru
 15641 | Lair:1   | Identified the +2 hat of Inviolability {Rampage rElec Will+
                  | Dex-4} (Okawaru gifted it to you on level 1 of the Lair of
                  | Beasts)
 15641 | Lair:1   | Received a gift from Okawaru
 15678 | Lair:1   | Identified the ring of Ziaq {*Corrode rPois rN+ Str+3
                  | Int+6}
 16033 | Lair:2   | Noticed a death yak
 16040 | Lair:2   | Killed a death yak
 16041 | Lair:2   | Reached skill level 5 in Invocations
 16056 | Lair:2   | Noticed an eight-headed hydra
 16066 | Lair:2   | Killed an eight-headed hydra
 16067 | Lair:2   | Reached skill level 19 in Stealth
 16169 | Lair:2   | Found a dark tunnel.
 16177 | Volcano  | Entered a volcano
 16250 | Volcano  | Reached XP level 13. HP: 60/60 MP: 28/28
 16583 | Volcano  | Found the +3 Mad Mage's Maulers {Infuse+∞ VampMP -Cast}
 17369 | Lair:2   | Received a gift from Okawaru
 18269 | Lair:3   | Reached ****** piety under Okawaru
 18269 | Lair:3   | Identified the +1 rapier "Ruato" {flame, *Corrode rElec
                  | rC++ Str+2} (Okawaru gifted it to you on level 3 of the
                  | Lair of Beasts)
 18269 | Lair:3   | Received a gift from Okawaru
 18270 | Lair:3   | Reached skill level 20 in Stealth
 18441 | Lair:3   | Found a staircase to the Swamp.
 18737 | Lair:3   | Found a hole to the Spider Nest.
 19030 | Spider:1 | Entered Level 1 of the Spider Nest
 19123 | Spider:1 | Identified the staff of death "Buecawef" {rElec rN+ Int+3
                  | Stlth+}
 19244 | Spider:1 | Mangled by a culicivora

Illustrated notes

Levels and vault maps discovered:
D:1:      sevenhm_arrival_forest_fort_small_5, layout_rooms, minmay_heptomino_w4
D:2:      layout_basic, basic_altar, hangedman_decor_peaks_small, uniq_sigmund,
          uniq_natasha
D:3:      cheibrodos_helix_gallery, layout_basic,
          nicolae_yredelemnul_corpse_copse, fedhas_altar_3,
          ebering_ecumenical_altar_box, dk_noncrumbling_2, minmay_diced_spiral
D:4:      layout_basic, grunt_qazlal_clouds, uniq_grinder
D:5:      layout_rooms, mainiacjoe_overflow_paths, slow_altar_1,
          kiku_gazebo_garden_becter, minmay_temple_entry_glassed_door,
          lightli_ossuary_entry_decrepit_ruins, minmay_door_square, nrook_uturn,
          serial_bayou_lagoon_b, uniq_crazy_yiuf_cottage
D:6:      layout_basic, uniq_pikel
D:7:      layout_loops_cross, guppyfry_early_elven_hall, uniq_maggie
D:8:      layout_loops_corners, good_gods_mini_temple, kennysheep_mini, tgw_sif,
          kennysheep_little_box, nicolae_ru_sacrificial_ziggurat,
          grunt_temple_overflow_open, enter_bailey_5, kennysheep_another_room,
          introduction_to_nature_1, uniq_maurice
D:9:      layout_roguey, doesnt_xom_only_xom, serial_shops,
          nicolae_shop_crystal, nicolae_sextant
D:10:     lemuel_ogre_cave, layout_irregular_city,
          grunt_temple_overflow_bloody_war, mainiacjoe_overflow_24_doors,
          david_orc_4, serial_column_ruins, column_ruins_grid_1,
          column_ruins_columns_dead_end, column_ruins_open_small_water,
          column_ruins_columns_T, column_ruins_columns_straight, uniq_psyche,
          uniq_snorg
D:11:     layout_loops_cross, erik_lair_island
Temple:   ebering_the_one_and_only
Lair:1:   layout_chaotic_city, gammafunk_ghost_hydra_chop
Lair:2:   layout_roguey, lightli_volcano_entry_magma_tube,
          nicolae_lair_grazing_beasts [nicolae_sub_lair_graze_edge,
          nicolae_sub_lair_graze_edge, nicolae_sub_lair_graze_edge,
          nicolae_sub_lair_graze_edge]
Lair:3:   layout_gridlike, minmay_swamp_entry_swarm,
          nicolae_spider_entry_orb_guardian
Spider:1: layout_cave_pods, uniq_roxanne
Orc:1:    layout_caves, gammafunk_ghost_smash, abandoned_shop, nooodl_orcs_dogs

Skill      XL: |  1  2  3  4  5  6  7  8  9 10 11 12 13 |
---------------+----------------------------------------+-----
Stealth        | 5 6 7 9 11 14 16 17 19 20 | 20.2
Short Blades   | 2 3 4 5 6 7 |  7.5
Hexes          | 4 5 6 7 8 9 10 11 | 11.4
Dodging        | 3 4 5 7 8 |  8.8
Spellcasting   | 3 4 5 7 8 9 10 11 | 11.6
Ice Magic      | 1 2 3 4 5 6 7 |  7.1
Fighting       | 1 2 3 |  3.3
Invocations    | 3 5 6 |  6.8
Evocations     | |  0.4

Action                     |  1- 3 |  4- 6 |  7- 9 | 10-12 | 13-15 || total
---------------------------+-------+-------+-------+-------+-------++-------
  Melee: Dagger            |    73 |   106 |   199 |   765 |   295 ||  1438
         Punch             |     1 |     4 |     5 |    14 |     2 ||    26
         Quick blade       |       |       |       |       |     1 ||     1
  Throw: Dart              |       |       |       |     1 |       ||     1
   Cast: Ensorcelled Hiber |    12 |    20 |    68 |   195 |    63 ||   358
  Evoke: Wand              |       |       |       |       |     6 ||     6
    Use: Potion            |       |       |     1 |     1 |     5 ||     7
         Scroll            |       |       |       |    19 |     4 ||    23
   Stab: Sleeping          |    11 |    21 |    65 |   129 |    48 ||   274
         Distracted        |     1 |       |       |     3 |       ||     4
         Invisible         |       |       |     3 |     6 |       ||     9
 Armour: Robe              |     2 |     6 |     5 |       |    28 ||    41
         Steam dragon scal |       |       |       |    61 |       ||    61
  Dodge: Dodged            |    51 |    71 |   112 |   634 |   239 ||  1107
